 Dungeon Crawl Stone Soup version 0.28-a0-1412-gf95308ed99 (webtiles) character file.

Game seed: 18262569290856643833

1708 ders the Fighter (level 8, -6/78 HPs)
             Began as a Minotaur Fighter on Jan 7, 2022.
             Was an Initiate of Yredelemnul.
             Mangled by a vampire (9 damage)
             ... on level 5 of the Dungeon.
             The game lasted 00:06:43 (6178 turns).

ders the Fighter (Minotaur Fighter)                 Turns: 6178, Time: 00:06:43

Health: -6/78      AC:  8    Str: 23    XL:     8   Next: 73%
Magic:  9/9        EV:  9    Int:  5    God:    Yredelemnul [......]
Gold:   193        SH:  4    Dex: 10    Spells: 7/7 levels left

rFire   . . .      SeeInvis .   a - +0 war axe
rCold   . . .      Faith    .   c - +0 buckler
rNeg    . . .      Spirit   .   b - +0 scale mail
rPois   .          Reflect  .   (helmet restricted)
rElec   .          Harm     .   d - +0 cloak
rCorr   .          Rampage  .   (no gloves)
Will    .....                   (no boots)
Stlth   ..........              (no amulet)
HPRegen 0.23/turn               (no ring)
MPRegen 0.11/turn               (no ring)

@: no status effects
A: horns 2, retaliatory headbutt
a: Renounce Religion, Recall Undead Harvest


You were on level 5 of the Dungeon.
You worshipped Yredelemnul.
Yredelemnul was noncommittal.
You visited 1 branch of the dungeon, and saw 5 of its levels.

You collected 193 gold pieces.

Inventory:

Hand Weapons
 a - a +0 war axe (weapon)
Armour
 b - a +0 scale mail (worn)
 c - a +0 buckler (worn)
 d - a +0 cloak (worn)
Jewellery
 g - a +6 ring of intelligence
 o - a ring of ice
Wands
 q - a wand of flame (17)
Scrolls
 e - 3 scrolls of teleportation
 l - a scroll of silence {unknown}
 m - a scroll of fog {unknown}
Potions
 f - a potion of haste
 h - a potion of heal wounds
 i - a potion of mutation {unknown}
 j - 2 potions of curing
 k - 2 potions of invisibility
 n - 2 potions of degeneration
 p - a potion of berserk rage {unknown}


   Skills:
 * Level 9.6 Fighting
 * Level 9.2 Axes
 - Level 3.6 Armour
 - Level 3.6 Shields
 + Level 3.6 Invocations


You had 7 spell levels left.
You didn't know any spells.
Your spell library contained the following spells:

 Spells                   Type           Power      Damage    Failure   Level
 Ensorcelled Hibernation  Hex/Ice        0%         N/A       95%         2
 Tukima's Dance           Hex            0%         N/A       99%         3
 Enfeeble                 Hex            0%         N/A       100%        7


Dungeon Overview and Level Annotations

Branches:
Dungeon (5/15)
 Temple: D:4-7

Altars:
Gozag
Nemelex Xobeh
Okawaru
Yredelemnul

Shops:
D:5 [

Annotations:
D:4 2 transporters, chunkyMonkey's ghost, amateur DgTm


Innate Abilities, Weirdness & Mutations

You have a pair of horns on your head.
You reflexively headbutt those who attack you in melee.


Message History

You hear some strange, mumbled words.
You are confused.
Are you sure you want to stumble around while confused and next to your ogre zombie? [Y]es or [N]o only, please.
Are you sure you want to stumble around while confused and next to your ogre zombie? [Y]es or [N]o only, please.
Are you sure you want to stumble around while confused and next to your ogre zombie? [Y]es or [N]o only, please.
Are you sure you want to stumble around while confused and next to your ogre zombie?
You barely miss something. Something hits you but does no damage.
Something bites you!
Something draws strength from your injuries!
Are you sure you want to stumble around while confused and next to your ogre zombie? [Y]es or [N]o only, please.
Are you sure you want to stumble around while confused and next to your ogre zombie? [Y]es or [N]o only, please.
Are you sure you want to stumble around while confused and next to your ogre zombie?
Are you sure you want to stumble around while confused and next to your ogre zombie?
You slash something! Something hits you. Something bites you.
Something draws strength from your injuries!
Are you sure you want to stumble around while confused and next to your ogre zombie? [Y]es or [N]o only, please.
Are you sure you want to stumble around while confused and next to your ogre zombie?
You miss something. Your headbutt misses something. Something hits you.
* * * LOW HITPOINT WARNING * * *
Something bites you but does no damage.
Are you sure you want to stumble around while confused and next to your ogre zombie?
You bump into the rock wall.
Something hits you but does no damage. Something bites you but does no damage.
Are you sure you want to stumble around while confused and next to your ogre zombie?
You hit something but do no damage. Your headbutt misses something.
You feel less confused. Something hits you!
* * * LOW HITPOINT WARNING * * *
Something bites you!
* * * LOW HITPOINT WARNING * * *
Something draws strength from your injuries!
Something hits you!
You die...
Your body rises from the dead as a mindless zombie.

..#.Z.....## #...####..#
.###.....## #........#.# ##
##..#..## #.#####....#
#####..##..###..# ###.##
...#..####...#.## .#
.....## ##....# .# .....##
##...## #### ..8...#
###....### ##... ......#
##..####@{####..#
8.∩.8.###..## ##Z......#
..<....#..## ##......##
..8......## ##.......#
..........## ##........#
...........#####..#....##.#
.......###..##..##..##....#
.......# #.....###..#.####.
.......####...## #..#.#


You could see a friendly ogre zombie.

Vanquished Creatures
  3 yaks (D:5)
  A human (D:3)
  An orc warrior (D:5)
  An ogre (D:5)
  2 sky beasts (D:5)
  2 jellies
  A howler monkey (D:4)
  A hound (D:5)
  Crazy Yiuf (D:3)
  A centaur skeleton (D:5)
  An iguana (D:4)
  Natasha (twice) (D:4)
  2 orc wizards (D:5)
  3 gnolls (D:4)
  3 adders
  A worm (D:5)
  4 dart slugs
  8 orcs
  4 ball pythons
  6 bats
  9 endoplasms
  2 giant cockroaches
  8 goblins
  11 hobgoblins
  6 kobolds
  6 quokkas
  3 frilled lizards (D:2)
  2 goblin skeletons (D:3)
  A jackal zombie (D:3)
  4 rats
100 creatures vanquished.

Vanquished Creatures (collateral kills)
  2 yaks (D:5)
  Natasha (D:4)
  A goblin (D:4)
  A hobgoblin (D:4)
  A quokka (D:4)
6 creatures vanquished.

Vanquished Creatures (others)
  2 yak zombies (D:5)
  A sky beast zombie (D:5)
  A howler monkey zombie (D:4)
  A goblin zombie (D:4)
  3 orc zombies (D:5)
  A fungus (D:1)
  A plant (D:1)
  A withered plant (D:1)
11 creatures vanquished.

Grand Total: 117 creatures vanquished

Notes
Turn   | Place    | Note
-------+----------+-------------------------------------------
     0 | D:1      | ders the Minotaur Fighter began the quest for the Orb.
     0 | D:1      | Reached XP level 1. HP: 19/19 MP: 0/0
   124 | D:1      | Reached XP level 2. HP: 22/27 MP: 1/1
   295 | D:1      | Found a faded altar of an unknown god.
   486 | D:1      | Reached XP level 3. HP: 33/34 MP: 2/2
  1847 | D:3      | Found a runed translucent door.
  1847 | D:3      | Noticed a human
  1849 | D:3      | Reached XP level 4. HP: 41/41 MP: 3/3
  2023 | D:3      | Found a basalt altar of Yredelemnul.
  2065 | D:3      | Reached skill level 5 in Fighting
  2190 | D:3      | Found an iron altar of Okawaru.
  2274 | D:3      | Killed a human
  2275 | D:3      | Reached skill level 5 in Axes
  2275 | D:3      | Reached XP level 5. HP: 36/50 MP: 4/4
  2492 | D:3      | Became a worshipper of Yredelemnul the Dark
  2658 | D:3      | Found a sparkling altar of Nemelex Xobeh.
  2911 | D:3      | Found a runed translucent door.
  2912 | D:3      | Noticed Crazy Yiuf
  3140 | D:3      | Killed Crazy Yiuf
  3150 | D:3      | Reached * piety under Yredelemnul
  3398 | D:4      | Noticed Natasha
  3402 | D:4      | Killed Natasha
  3403 | D:4      | Reached XP level 6. HP: 45/58 MP: 5/5
  3592 | D:4      | Noticed chunkyMonkey's ghost (amateur DgTm)
  3856 | D:4      | Found a transporter.
  3860 | D:4      | Found a transporter.
  3931 | D:4      | Found an opulent altar of Gozag.
  3938 | D:4      | Noticed Natasha
  3942 | D:4      | Killed Natasha
  3943 | D:4      | Reached ** piety under Yredelemnul
  4081 | D:4      | Noticed Natasha
  4088 | D:4      | Killed Natasha
  4416 | D:5      | Entered Level 5 of the Dungeon
  4466 | D:5      | Noticed a sky beast
  4471 | D:5      | Reached XP level 7. HP: 57/66 MP: 6/6
  4481 | D:5      | Reached skill level 1 in Invocations
  4930 | D:5      | Found Wuceos's Armour Emporium.
  4961 | D:5      | Noticed a yak
  4967 | D:5      | Noticed a yak
  4968 | D:5      | Noticed a yak
  4969 | D:5      | Noticed a yak
  4972 | D:5      | Noticed a yak
  5475 | D:5      | Killed a yak
  5476 | D:5      | Reached XP level 8. HP: 69/75 MP: 8/8
  6178 | D:5      | HP: 3/78 [something (11)]
  6178 | D:5      | Mangled by a vampire

Illustrated notes

Levels and vault maps discovered:
D:1:      evilmike_arrival_rings, layout_basic, shapermc_ecumenical_altar_gd
D:2:      layout_basic, kennysheep_small_spiral, minmay_misc_feat_columns
D:3:      layout_basic, mainiacjoe_overflow_chevrons, nemelex_dance_club_becter,
          dk_yredelemnul_ordeal, uniq_crazy_yiuf_cottage
D:4:      layout_basic, mainiacjoe_overflow_alcove_4, gammafunk_ghost_arena,
          uniq_natasha
D:5:      layout_layer_cave, serial_shops, nicolae_shop_statue_plus,
          minmay_tree_intersection

Skill      XL: |  1  2  3  4  5  6  7  8 |
---------------+-------------------------+-----
Fighting       | 4 6 7 8 9 |  9.6
Axes           | 3 4 5 6 8 9 |  9.2
Invocations    | 2 3 |  3.6
Armour         | |  3.6
Shields        | |  3.6

Action                   |  1- 3 |  4- 6 |  7- 9 || total
-------------------------+-------+-------+-------++-------
Melee: War axe           |   101 |    76 |    78 ||   255
       Headbutt          |    15 |    10 |    10 ||    35
  Use: Potion            |       |     2 |       ||     2
       Scroll            |       |       |     6 ||     6
 Stab: Distracted        |       |       |     1 ||     1
Armor: Scale mail        |    47 |    22 |    33 ||   102
Dodge: Dodged            |    39 |    39 |    28 ||   106
Block: Buckler           |    20 |    18 |    16 ||    54

Table legend: (Time is in decaauts)
 A = Elapsed time spent in this place.
 B = Non-inter-level travel time spent in this place.
 C = Inter-level travel time spent in this place.
 D = Time resting spent in this place.
 E = Time spent auto-exploring this place.
 F = Levels seen in this place.
 G = Mean time per level.
                   A        B        C        D        E       F      G
               +--------+--------+--------+--------+--------+-----+--------+
         Total |   6253 |   6086 |    167 |   1122 |   4124 |   5 | 1250.6 |
       Dungeon |   6253 |   6086 |    167 |   1122 |   4124 |   5 | 1250.6 |
               +--------+--------+--------+--------+--------+-----+--------+

Top non-repeatable levels by time:
     D:5: 1671 daAuts
     D:3: 1505 daAuts
     D:4: 1215 daAuts
     D:1: 1098 daAuts
     D:2: 762 daAuts
